 Dungeon Crawl Stone Soup version 0.21.1-1-g345015f (webtiles) character file.

991 sankara the Slasher (level 8, -6/55 HPs)
             Began as a Halfling Fighter on Feb 17, 2018.
             Was a Follower of Dithmenos.
             Killed from afar by an electric eel (9 damage)
             ... with a bolt of electricity
             ... on level 6 of the Dungeon.
             The game lasted 00:14:31 (5856 turns).

sankara the Slasher (Halfling Fighter)              Turns: 5856, Time: 00:14:31

Health: -6/55      AC: 11    Str: 18    XL:     8   Next: 42%
Magic:  8/8        EV: 11    Int:  7    God:    Dithmenos [*.....]
Gold:   304        SH:  9    Dex: 14    Spells: 5/7 levels left

rFire    + . .     SeeInvis .   a - +0 long sword
rCold    . . .     Gourm    .   c - +0 shield
rNeg     . . .     Faith    .   t - +0 scale mail
rPois    .         Spirit   .   r - +2 helmet
rElec    .         Reflect  .   (no cloak)
rCorr    .         Harm     .   (no gloves)
MR       .....                  k - +0 pair of boots
Stlth    +.........             (no amulet)
HPRegen  0.18/turn              y - ring of protection from fire
MPRegen  0.11/turn              (no ring)

@: wreathed by umbra
A: small, mutation resistance 1
a: Renounce Religion


You were on level 6 of the Dungeon.
You worshipped Dithmenos.
Dithmenos was aware of your devotion.
You were hungry.

You visited 1 branch of the dungeon, and saw 6 of its levels.

You collected 304 gold pieces.

Inventory:

Hand Weapons
 a - a +0 long sword (weapon)
 b - a +0 dagger of draining
 D - a +0 blowgun
Missiles
 h - 163 stones (quivered)
 u - 39 poisoned needles
 w - 4 tomahawks
 F - 2 needles of confusion
Armour
 c - a +0 shield (worn)
 k - a +0 pair of boots (worn)
 r - a +2 helmet (worn)
 t - a +0 scale mail (worn)
Jewellery
 y - a ring of protection from fire (left hand)
Wands
 p - a wand of enslavement (26)
 E - a wand of iceblast (12)
Scrolls
 e - 2 scrolls of random uselessness {unknown}
 i - 6 scrolls of identify {unknown}
 j - 2 scrolls of magic mapping {unknown}
 l - a scroll of enchant weapon {unknown}
 n - a scroll of fog {unknown}
 o - a scroll of noise {unknown}
 q - a scroll of immolation {unknown}
 v - a scroll of remove curse {unknown}
 C - 2 scrolls of teleportation {unknown}
Potions
 d - a potion of might
 g - a potion of brilliance
 m - a potion of magic
 x - a potion of curing
 z - a potion of heal wounds {unknown}
 A - 2 potions of mutation {unknown}
Books
 s - a book of Maledictions

   Spells                             Type                      Level
   a - Corona                         Hexes                        1
   b - Ensorcelled Hibernation        Hexes/Ice                    2
   c - Confuse                        Hexes                        3
   d - Tukima's Dance                 Hexes                        3
   e - Dazzling Spray                 Conjuration/Hexes            3
Comestibles
 f - 10 rations
 B - 4 chunks of flesh


   Skills:
 + Level 5.0 Fighting
 * Level 6.8 Long Blades
 - Level 3.2 Armour
 - Level 3.0 Dodging
 + Level 3.6 Stealth
 - Level 3.2 Shields


You had 5 spell levels left.
You knew the following spells:

 Your Spells              Type           Power        Failure   Level  Hunger
a - Ensorcelled Hibernat  Hex/Ice        #.....       100%        2    ###....


Dungeon Overview and Level Annotations

Branches:
Dungeon (6/15)             Temple (0/1) D:6

Altars:
Dithmenos
Kikubaaqudgha
Ru
Sif Muna
Trog
Uskayaw
Yredelemnul
Zin

Shops:
D:5 [


Innate Abilities, Weirdness & Mutations

You are small and have problems with some larger weapons.
You are somewhat resistant to further mutation.


Message History

The electric eel shoots out a bolt of lightning at you!
The bolt of electricity hits you!
You miss the electric eel.
The electric eel is almost dead.
You miss the electric eel.
The electric eel is almost dead.
The electric eel shoots out a bolt of lightning at you!
The bolt of electricity hits you!
* * * LOW HITPOINT WARNING * * *
You closely miss the electric eel.
The electric eel is almost dead.
You are feeling hungry.
The electric eel shoots out a bolt of lightning at you!
The bolt of electricity hits you!
* * * LOW HITPOINT WARNING * * *
You barely miss the electric eel.
The electric eel is almost dead.
The electric eel shoots out a bolt of lightning at you!
The bolt of electricity hits you!
You die...

###### #≈≈≈≈≈# ≈≈≈≈≈≈≈
###########≈≈≈≈≈≈≈
#.........@...8...
#.#######.#;≈≈≈≈≈≈ #.#
#.#≈≈≈≈≈≈≈ # #.#
####.##≈≈≈≈≈#
#######.####..>..#######
...........#.##..#
###.###.##..#.#.....
##......##.###...####
##..#######. #..#


You could see an electric eel.

Vanquished Creatures
  The ghost of jazmu the Shield-Bearer, an amateur FoSk (D:4)
  An ogre (D:4)
  The ghost of Dioder the Magician, an amateur SpEE (D:3)
  2 scorpions (D:4)
  A crimson imp (D:5)
  A centaur skeleton (D:4)
  An orc priest (D:5)
  2 hounds (D:4)
  Jessica (D:2)
  An iguana (D:5)
  Terence (D:2)
  An orc wizard (D:5)
  4 worker ants
  A hound zombie (D:6)
  A howler monkey skeleton (D:5)
  6 adders
  4 gnolls (D:3)
  An adder skeleton (D:5)
  An adder zombie (D:5)
  A worm (D:3)
  A dart slug (D:3)
  5 leopard geckos
  7 orcs
  A ball python (D:2)
  5 bats
  4 giant cockroaches
  11 goblins
  5 hobgoblins
  4 jackals (D:5)
  3 kobolds
  4 quokkas
  4 frilled lizards
  6 rats
93 creatures vanquished.

Vanquished Creatures (others)
  A human (D:5)
1 creature vanquished.

Grand Total: 94 creatures vanquished

Notes
Turn   | Place    | Note
-------+----------+-------------------------------------------
     0 | D:1      | sankara the Halfling Fighter began the quest for the Orb.
     0 | D:1      | Reached XP level 1. HP: 15/15 MP: 1/1
   171 | D:1      | Reached XP level 2. HP: 18/20 MP: 2/2
  1000 | D:2      | Noticed Terence
  1010 | D:2      | Killed Terence
  1010 | D:2      | Reached skill level 3 in Long Blades
  1010 | D:2      | Reached XP level 3. HP: 20/26 MP: 3/3
  1399 | D:2      | Reached XP level 4. HP: 16/31 MP: 4/4
  1909 | D:2      | Noticed Jessica
  1919 | D:2      | Killed Jessica
  2157 | D:3      | Reached skill level 4 in Long Blades
  2157 | D:3      | Reached XP level 5. HP: 35/36 MP: 5/5
  2167 | D:3      | Learned a level 2 spell: Ensorcelled Hibernation
  2478 | D:3      | Found a shadowy altar of Dithmenos.
  2497 | D:3      | Became a worshipper of Dithmenos the Shadowed
  2506 | D:3      | Noticed Dioder's ghost (amateur SpEE)
  2524 | D:3      | Killed Dioder's ghost
  2524 | D:3      | Reached skill level 5 in Long Blades
  2524 | D:3      | Reached XP level 6. HP: 18/43 MP: 6/6
  2834 | D:3      | Found a glowing silver altar of Zin.
  3329 | D:4      | Reached skill level 1 in Dodging
  3329 | D:4      | Reached skill level 1 in Stealth
  3741 | D:4      | Reached XP level 7. HP: 27/48 MP: 7/7
  4118 | D:4      | Noticed jazmu's ghost (amateur FoSk)
  4160 | D:4      | Killed jazmu's ghost
  4160 | D:4      | Reached * piety under Dithmenos
  4160 | D:4      | Reached skill level 6 in Long Blades
  4160 | D:4      | Reached XP level 8. HP: 40/54 MP: 8/8
  4542 | D:5      | Entered Level 5 of the Dungeon
  4564 | D:5      | Found an ancient bone altar of Kikubaaqudgha.
  4565 | D:5      | Noticed a human
  4567 | D:5      | Killed a human
  4579 | D:5      | Found Ocoluh's Armour Boutique.
  5543 | D:6      | Found a hide-covered altar of Uskayaw.
  5544 | D:6      | Found a deep blue altar of Sif Muna.
  5563 | D:6      | Reached skill level 5 in Fighting
  5583 | D:6      | Found an ancient bone altar of Kikubaaqudgha.
  5583 | D:6      | Found a bloodstained altar of Trog.
  5587 | D:6      | Found a basalt altar of Yredelemnul.
  5587 | D:6      | Found a sacrificial altar of Ru.
  5627 | D:6      | Found a staircase to the Ecumenical Temple.
  5856 | D:6      | Killed from afar by an electric eel

Skill      XL: |  1  2  3  4  5  6  7  8 |
---------------+-------------------------+-----
Fighting       | 3 4 5 |  5.0
Long Blades    | 3 4 5 6 |  6.8
Dodging        | 1 2 3 |  3.0
Stealth        | 1 2 3 |  3.6
Armour         | |  3.2
Shields        | |  3.2

Action                   |  1- 3 |  4- 6 |  7- 9 || total
-------------------------+-------+-------+-------++-------
Melee: Long sword        |    88 |   170 |   187 ||   445
  Use: Potion            |       |     4 |     2 ||     6
  Eat: Chunk             |     2 |     7 |     7 ||    16
Armor: Scale mail        |    33 |    61 |    54 ||   148
       Skin              |       |       |    11 ||    11
Dodge: Dodged            |    27 |    62 |    84 ||   173
Block: Shield            |    63 |   100 |    91 ||   254
       Rpst.: Long sword |    12 |    20 |    31 ||    63
